 Dungeon Crawl Stone Soup version 0.29-a0-887-gcbe080d7e0 (webtiles) character file.

Game seed: 8301614248863933728

585 Iflex the Spear-Bearer (level 7, -2/53 HPs)
             Began as a Merfolk Gladiator on July 21, 2022.
             Slain by an ogre
             ... wielding a +0 giant club
              (33 damage)
             ... on level 5 of the Dungeon.
             The game lasted 00:14:45 (4779 turns).

Iflex the Spear-Bearer (Merfolk Gladiator)          Turns: 4779, Time: 00:14:46

Health: -2/53      AC:  6    Str: 15    XL:     7   Next: 37%
Magic:  7/7        EV: 16    Int:  7    God:
Gold:   159        SH:  0    Dex: 22    Spells: 6/6 levels left

rFire   . . .      SeeInvis +   a - +0 trident
rCold   . . .      Faith    .   (no shield)
rNeg    . . .      Spirit   .   n - +2 robe of Kepriesol {Dex+5 SInv}
rPois   +          Reflect  .   c - +0 helmet
rElec   .          Harm     .   (no cloak)
rCorr   .          Rampage  .   (no gloves)
Will    .....                   l - +0 pair of boots
Stlth   +++.......              (no amulet)
HPRegen 0.17/turn               o - ring of poison resistance
MPRegen 0.10/turn               (no ring)

@: no status effects
A: (nimble swimmer 2), mertail
a: no special abilities


You were on level 5 of the Dungeon.
You visited 1 branch of the dungeon, and saw 6 of its levels.

You collected 159 gold pieces.

Inventory:

Hand Weapons
 a - a +0 trident (weapon)
 r - a +0 quarterstaff of draining
Missiles
 d - 2 throwing nets (quivered)
 e - a javelin
 s - 3 boomerangs
 u - 51 stones
Armour
 b - a +0 leather armour
 c - a +0 helmet (worn)
 i - a +0 barding
 l - a +0 pair of boots (worn)
 n - the +2 robe of Kepriesol (worn) {Dex+5 SInv}
   (You found it on level 2 of the Dungeon)

   Dex:       It affects your dexterity (+5).
   SInv:      It lets you see invisible.
Jewellery
 o - a ring of poison resistance (left hand)
Wands
 f - a wand of paralysis (14)
Scrolls
 g - 2 scrolls of fog
 h - a scroll of teleportation
 k - a scroll of immolation
 m - a scroll of brand weapon
 q - a scroll of noise
 t - 2 scrolls of enchant weapon
 v - a scroll of identify
 w - 2 scrolls of amnesia {unknown}
Potions
 j - a potion of haste
 p - 2 potions of curing


   Skills:
 + Level 3.7 Fighting
 + Level 8.0 Polearms
 + Level 2.3 Throwing
 + Level 0.3 Armour
 + Level 5.4 Dodging
 + Level 3.9 Stealth


You had 6 spell levels left.
You didn't know any spells.
Your spell library was empty.

Dungeon Overview and Level Annotations

Branches:
Dungeon (6/15)
 Temple: D:4-7

Altars:
Okawaru
Trog
Vehumet


Innate Abilities, Weirdness & Mutations

((You are very nimble when in or above water. (Stealth+, EV+, Speed+++)))
Your lower body shifts to a powerful aquatic tail in water.


Message History

The adder is almost dead.
The adder closely misses you.
You closely miss the adder.
The adder is almost dead.
The adder closely misses you.
You barely miss the adder.
The adder is almost dead.
The adder closely misses you. The adder bites you.
You hit the adder.
The adder is almost dead.
The adder misses you. The adder attacks as you move away! The adder misses you.
You hit the adder but do no damage.
The adder is almost dead.
The adder misses you.
You hit the adder but do no damage.
The adder is almost dead.
The adder bites you but does no damage. x2
You hit the adder.
You kill the adder!
The ogre closely misses you.
You hit the ogre but do no damage. The ogre hits you with a +0 giant club!
You reach to attack!
You puncture the ogre!
The ogre is moderately wounded.
The ogre attacks as you move away! The ogre barely misses you.
The ogre attacks as you move away! The ogre hits you with a +0 giant club!
Reach: a) +0 trident
Press: ? - help, Dir - move target, f/p - ogre
Aim: an ogre, wielding a +0 giant club (moderately wounded, about 21% to evade your +0 trident)
You reach to attack!
You hit the ogre but do no damage.
The ogre is moderately wounded.
An iguana comes into view.
Found 10 gold pieces.
The ogre attacks as you move away! The ogre barely misses you.
As you read the scroll of fog, it crumbles to dust.
The scroll dissolves into smoke.
The ogre closely misses you. The ogre attacks as you move away!
The ogre misses you.
The ogre hits you with a +0 giant club!!
Ouch! That really hurt!
You die...

## #.#.......##.
.###.....###...#
......#.## #.#####
#...#...######....§#
##............§§§§§#
#...#.#########§§§.#
..###.# #§§§§.#
#####.# #.§§§O§#
......# #..#§@§§#
.###.### ....###§§§#
.#.....# .... ###.#
.#.....#...l ...
.##...##.... ##.#
..#...# .# ..##.## #
...#.# #.####


You could see an ogre.

Vanquished Creatures
  A sky beast (D:6)
  An orc priest (D:3)
  2 iguanas
  8 adders
  2 gnolls (D:3)
  2 worms
  5 dart slugs
  10 orcs
  5 ball pythons
  7 endoplasms
  6 giant cockroaches
  11 goblins
  6 hobgoblins
  6 jackals (D:1)
  5 kobolds
  6 quokkas
  5 bats
  A frilled lizard (D:3)
  5 rats
94 creatures vanquished.

Vanquished Creatures (collateral kills)
  A troll (D:6)
1 creature vanquished.

Grand Total: 95 creatures vanquished

Notes
Turn   | Place    | Note
-------+----------+-------------------------------------------
     0 | D:1      | Iflex the Merfolk Gladiator began the quest for the Orb.
     0 | D:1      | Reached XP level 1. HP: 16/16 MP: 1/1
   126 | D:1      | Reached XP level 2. HP: 22/22 MP: 2/2
   414 | D:1      | Reached skill level 1 in Stealth
   427 | D:1      | Reached XP level 3. HP: 13/27 MP: 3/3
  1014 | D:2      | Reached skill level 5 in Polearms
  1288 | D:2      | Reached XP level 4. HP: 34/34 MP: 4/4
  1311 | D:2      | Identified the +2 robe of Kepriesol {Dex+5 SInv}
  1916 | D:2      | Reached XP level 5. HP: 9/40 MP: 5/5
  2294 | D:3      | Found a radiant altar of Vehumet.
  2642 | D:3      | Reached skill level 6 in Polearms
  2898 | D:3      | Found an iron altar of Okawaru.
  3022 | D:3      | Found a bloodstained altar of Trog.
  3693 | D:4      | Noticed a black bear
  3731 | D:3      | Reached XP level 6. HP: 26/47 MP: 6/6
  4363 | D:4      | You fall into a shaft and drop 2 floors!
  4388 | D:6      | Noticed a troll
  4400 | D:6      | Killed a troll
  4401 | D:6      | Reached skill level 7 in Polearms
  4401 | D:6      | Reached skill level 5 in Dodging
  4401 | D:6      | Reached XP level 7. HP: 27/52 MP: 7/7
  4589 | D:6      | Reached skill level 8 in Polearms
  4641 | D:5      | Entered Level 5 of the Dungeon
  4779 | D:5      | Slain by an ogre

Illustrated notes

Levels and vault maps discovered:
D:1:      doesnt_arrival_eight_statues, layout_loops_ring
D:2:      layout_rooms, interstate_on_off, minmay_vboxes
D:3:      layout_basic, okawaru_altar_gauntlet_db, nicolae_vehumet_radiance,
          old_standard_altar, serial_rivers, chequers_serial_rivers_small_a,
          chequers_serial_rivers_small_3, chequers_serial_rivers_room_a,
          chequers_serial_rivers_small_b, chequers_serial_rivers_micro_d,
          chequers_serial_rivers_small_a, grunt_decor_fettered
D:4:      layout_basic, nrook_campfire, dk_noncrumbling_2, grunt_decor_junction
D:5:      layout_rooms, nicolae_ashenzari_panopticon, minmay_temple_entry_arrows
D:6:      layout_rooms, st_stairs_9, serial_bayou_lagoon_a, uniq_sigmund

Skill      XL: |  1  2  3  4  5  6  7 |
---------------+----------------------+-----
Stealth        | 1 2 3 |  3.9
Polearms       | 5 6 7 8 |  8.0
Fighting       | 3 |  3.7
Dodging        | 5 |  5.4
Throwing       | |  2.3
Armour         | |  0.3

Action                   |  1- 3 |  4- 6 |  7- 9 || total
-------------------------+-------+-------+-------++-------
Melee: Trident           |    90 |   253 |    26 ||   369
       Punch             |       |     2 |       ||     2
       Tailslap          |       |     1 |       ||     1
Throw: Throwing net      |     3 |     1 |       ||     4
  Use: Potion            |       |     4 |       ||     4
       Scroll            |       |     8 |     4 ||    12
 Stab: Sleeping          |     7 |     9 |       ||    16
Armor: Leather armour    |    28 |       |       ||    28
       Skin              |       |    19 |       ||    19
       Robe              |       |    40 |     5 ||    45
Dodge: Dodged            |    71 |   129 |    19 ||   219

Table legend: (Time is in decaauts)
 A = Elapsed time spent in this place.
 B = Non-inter-level travel time spent in this place.
 C = Inter-level travel time spent in this place.
 D = Time resting spent in this place.
 E = Time spent auto-exploring this place.
 F = Levels seen in this place.
 G = Mean time per level.
                   A        B        C        D        E       F      G
               +--------+--------+--------+--------+--------+-----+--------+
         Total |   4750 |   4684 |     66 |   1514 |   2120 |   6 |  791.7 |
       Dungeon |   4750 |   4684 |     66 |   1514 |   2120 |   6 |  791.7 |
               +--------+--------+--------+--------+--------+-----+--------+

Top non-repeatable levels by time:
     D:3: 1293 daAuts
     D:2: 1187 daAuts
     D:1: 1050 daAuts
     D:4: 805 daAuts
     D:6: 276 daAuts
     D:5: 136 daAuts
